 Dungeon Sprint DCSS version 0.30.1-4-g462c640d31 (webtiles) character file.

Game seed: 9277455628533101463

21 Groucho the Shooter (level 2, -1/15 (16) HPs)
             Began as a Spriggan Hunter on Aug 12, 2023.
             Slain by Crazy Yiuf
             ... wielding a +4 quarterstaff of chaos
              (2 damage)
             ... in the Dungeon (Sprint III: "The Ten Rune Challenge").
             The game lasted 00:01:05 (350 turns).

Groucho the Shooter (Spriggan Hunter)                Turns: 350, Time: 00:01:06

HP:   -1/15 (16)    AC:  2    Str:  7    XL:     2   Next: 65%
MP:   4/4           EV: 19    Int: 10    God:
Gold: 0             SH:  0    Dex: 18    Spells: 1/1 levels left

rFire   . . .        a - +0 shortbow
rCold   . . .        (shield currently unavailable)
rNeg    . . .        c - +0 robe
rPois   .            (helmet restricted)
rElec   .            (no cloak)
rCorr   .            (gloves unavailable)
SInv    +            (boots unavailable)
Will    .....        (no amulet)
Stlth   ++           (no ring)
HPRegen 0.22/turn    (no ring)
MPRegen 0.09/turn

%: no teleportation
@: drained, very quick
A: very small, no large weapons, unfitting armour, see invisible, speed 3
a: no special abilities


You were in the Dungeon.
You visited 1 branch

Inventory:

Hand Weapons
 a - a +0 shortbow (weapon)
Armour
 c - a +0 robe (worn)
Scrolls
 b - a scroll of immolation
 i - a scroll of blinking
Potions
 d - a potion of curing
 e - a potion of heal wounds
 f - a potion of haste
 g - 2 potions of magic
 h - a potion of berserk rage
 j - a potion of attraction {unknown}


   Skills:
 + Level 2.7 Fighting
 + Level 4.8 Ranged Weapons
 + Level 4.4 Dodging
 - Level 1.5 Stealth
 + Level 2.3 Invocations


You had one spell level left.
You didn't know any spells.
Your spell library was empty.

Dungeon Overview and Level Annotations

Branches:
Dungeon (1/1)

Altars:

Annotations:
D Crazy Yiuf


Innate Abilities, Weirdness & Mutations

You are very small and have problems with some larger weapons.
You are too small for most types of armour.
You have supernaturally acute eyesight. (SInv)
You cover ground extremely quickly. (Speed+++)


Message History

Your Invocations skill increases to level 2!
You have reached level 2!
Unknown command.
You start resting.
Magic restored.
You start resting.
HP restored.
You start waiting.
You start waiting.
You start waiting.
You start waiting.
You see here a human skeleton.
You see here a rat skeleton.
Crazy Yiuf the Enlightened comes into view.
He is wielding a +4 quarterstaff of chaos.
Crazy Yiuf shouts!
You shoot an arrow. The arrow barely misses Crazy Yiuf.
You shoot an arrow.
The arrow hits Crazy Yiuf but does no damage.
You shoot an arrow.
The arrow hits Crazy Yiuf but does no damage.
You shoot an arrow.
The arrow hits Crazy Yiuf but does no damage.
You shoot an arrow. The arrow hits Crazy Yiuf.
Crazy Yiuf is lightly wounded.
You shoot an arrow. The arrow hits Crazy Yiuf!
Crazy Yiuf is heavily wounded.
Crazy Yiuf barely misses you.
You shoot an arrow. The arrow hits Crazy Yiuf.
Crazy Yiuf is almost dead.
Crazy Yiuf hits you with a +4 quarterstaff of chaos!
Ouch! That really hurt!
Crazy Yiuf freezes you.
You are too injured to fight recklessly!
You are too injured to fight recklessly!
Unknown command.
Unknown command.
Crazy Yiuf hits you with a +4 quarterstaff of chaos.
* * * LOW HITPOINT WARNING * * *
You feel drained.
You die...

▓▓▓▓▓▓▓▓ ▓▓▓
<..#[..#### ##.#
...#......## #..#
.÷##..÷....# #..#
##.##.##...# #g@#
##.##.###..# +#..#
#.####.##..# #...+
.###..##..####...#
#.....##..###....#
###..##÷..##.....#
##÷.##....#......#
#..###..##.#.....#
#..# #..#####....#


You could see Crazy Yiuf.

Vanquished Creatures
  A human (D)
  An endoplasm (D)
  3 rats (D)
5 creatures vanquished.

Notes
Turn   | Place    | Note
-------+----------+-------------------------------------------
     0 | D        | Groucho the Spriggan Hunter began the quest for the Orb.
     0 | D        | Reached XP level 1. HP: 10/10 MP: 2/2
    34 | D        | Reached skill level 1 in Invocations
    92 | D        | Reached XP level 2. HP: 6/16 MP: 2/4
   335 | D        | Noticed Crazy Yiuf
   350 | D        | Slain by Crazy Yiuf

Illustrated notes

Levels and vault maps discovered:
D:        dungeon_sprint_mu [sprint_mu_entry_cave, sprint_mu_temple_rooms,
          sprint_mu_d1_horrors, sprint_mu_d2_genie, sprint_mu_d3_branching,
          sprint_mu_orc_legion, sprint_mu_elf_gauntlet, sprint_mu_hive_nellie,
          sprint_mu_lair_fedhas, sprint_mu_vaults_butterflies,
          sprint_mu_slime_circle, sprint_mu_swamp_cave, sprint_mu_shoals_archi,
          sprint_mu_blade_basic, sprint_mu_crypt_chambers,
          sprint_mu_tomb_spiral, sprint_mu_vestibule_basic,
          sprint_mu_gehenna_hellfire, sprint_mu_dis_giant,
          sprint_mu_tartarus_statrot, sprint_mu_cocytus_islands, sprint_mu_zot1]

Skill      XL: |  1 |
---------------+----+-----
Dodging        | 4 |  4.4
Fighting       | 2 |  2.7
Invocations    | 2 |  2.3
Ranged Weapons | |  4.8
Stealth        | |  1.5

Action                     || total
---------------------------++-------
   Fire: Shortbow          ||    33
  Dodge: Dodged            ||     8
